 Dungeon Crawl Stone Soup version 0.20.2-3-g29329e0561 (webtiles) character file.

116 Alfie the Shooter (level 4, 0/38 HPs)
             Began as a Minotaur Hunter on June 25, 2020.
             Killed by divine providence
             ... invoked by an orc priest
              (12 damage)
             ... on level 4 of the Dungeon.
             The game lasted 00:05:07 (1959 turns).

Alfie the Shooter (Minotaur Hunter)                 Turns: 1959, Time: 00:05:09

Health: 0/38       AC:  3    Str: 18    XL:     4   Next: 69%
Magic:  3/3        EV: 12    Int:  8    God:
Gold:   191        SH:  0    Dex: 10    Spells: 3/3 levels left

rFire    . . .     SeeInvis .   b - +1 short sword
rCold    . . .     Gourm    .   (no shield)
rNeg     . . .     Faith    .   c - +0 leather armour
rPois    .         Spirit   .   (helmet restricted)
rElec    .         Reflect  .   (no cloak)
rCorr    .         Harm     .   (no gloves)
MR       .....                  (no boots)
Stlth    +.........             (no amulet)
Regen    0.2/turn               (no ring)
MPRegen  0.1/turn               (no ring)

@: no status effects
A: retaliatory headbutt, horns 2
a: no special abilities


You were on level 4 of the Dungeon.
You were not hungry.

You visited 1 branch of the dungeon, and saw 4 of its levels.

You collected 191 gold pieces.

Inventory:

Hand Weapons
 a - a +1 shortbow
 b - a +1 short sword (weapon)
Missiles
 d - 5 arrows
 g - 2 tomahawks (quivered)
Armour
 c - a +0 leather armour (worn)
Jewellery
 e - an uncursed ring of protection from fire {unknown}
Scrolls
 j - a scroll of identify
Potions
 l - a potion of experience
Comestibles
 f - 3 bread rations
 h - 2 meat rations
 i - 3 royal jellies


   Skills:
 + Level 3.2 Fighting
 + Level 0.4 Short Blades
 + Level 6.2 Bows
 + Level 0.2 Throwing
 + Level 0.2 Armour
 + Level 2.3 Dodging
 + Level 0.8 Stealth


You had 3 spell levels left.
You didn't know any spells.

Dungeon Overview and Level Annotations

Branches:
Dungeon (4/15)
 Temple: D:4-7

Altars:
Ashenzari
Elyvilon
Fedhas


Innate Abilities, Weirdness & Mutations

You reflexively headbutt those who attack you in melee.
You have a pair of horns on your head.


Message History

The orc priest invokes the aid of Beogh against you.
Pain shoots through your body!
Throwing (i - inventory):
g - 4 tomahawks (quivered)
Press: ? - help, Shift-Dir - straight line, f/p - orc priest
Aim: an orc priest (heavily wounded)
You throw a tomahawk.
The tomahawk barely misses the orc priest.
The orc priest mumbles some strange prayers to Beogh against you.
Pain shoots through your body!
An ogre comes into view. It is wielding a giant club.
Throwing (i - inventory):
g - 3 tomahawks (quivered)
Press: ? - help, Shift-Dir - straight line, f/p - orc priest
Aim: an orc priest (heavily wounded)
You throw a tomahawk. The tomahawk hits the orc.
The orc is moderately wounded.
The orc priest calls upon Beogh to heal the orc.
The orc's wounds heal themselves!
The orc priest calls down the wrath of Beogh upon you.
Beogh smites you!
You die...

.((........
.(.O....?.
(.o.......
#........#
##...o..o.##
#.....o....#
#..........#
#.......@..#
#..........#
#..........#
#........##
##...<..##
########


You could see an ogre, 2 orc priests and 2 orcs.

Vanquished Creatures
  5 adders
  An ooze (D:3)
  2 worms
  A dart slug (D:2)
  3 leopard geckos
  4 orcs (D:3)
  2 ball pythons (D:2)
  5 bats
  4 giant cockroaches
  2 goblins
  7 hobgoblins
  2 jackals (D:1)
  A quokka (D:3)
  A frilled lizard (D:3)
  7 kobolds
  3 rats
50 creatures vanquished.

Notes
Turn   | Place    | Note
-------+----------+-------------------------------------------
     0 | D:1      | Alfie the Minotaur Hunter began the quest for the Orb.
     0 | D:1      | Reached XP level 1. HP: 18/18 MP: 0/0
    40 | D:1      | Reached XP level 2. HP: 25/25 MP: 1/1
   291 | D:1      | Found a shattered altar of Ashenzari.
   340 | D:1      | Reached skill level 5 in Bows
   753 | D:2      | Reached XP level 3. HP: 30/30 MP: 2/2
  1051 | D:2      | Found a white marble altar of Elyvilon.
  1219 | D:3      | Reached XP level 4. HP: 37/37 MP: 3/3
  1310 | D:3      | Reached skill level 6 in Bows
  1688 | D:3      | Found a white marble altar of Elyvilon.
  1701 | D:3      | Found a blossoming altar of Fedhas.
  1959 | D:4      | Noticed an ogre
  1959 | D:4      | Killed from afar by an orc priest

Skill      XL: |  1  2  3  4 |
---------------+-------------+-----
Bows           | 5 6 |  6.2
Fighting       | 3 |  3.2
Short Blades   | |  0.4
Throwing       | |  0.2
Armour         | |  0.2
Dodging        | |  2.3
Stealth        | |  0.8

Action                   |  1- 3 |  4- 6 || total
-------------------------+-------+-------++-------
Melee: Short sword       |     4 |    14 ||    18
       Headbutt          |     1 |     2 ||     3
 Fire: Shortbow          |    86 |    20 ||   106
Throw: Tomahawk          |       |    22 ||    22
  Use: Scroll            |     5 |       ||     5
       Potion            |       |     2 ||     2
  Eat: Royal jelly       |     1 |     1 ||     2
Armor: Leather armour    |     5 |     1 ||     6
Dodge: Dodged            |    11 |     7 ||    18
